 Dungeon Crawl Stone Soup version 0.29.1-1-gd02db69 (webtiles) character file.

Game seed: 16962371894532462706

1596 Timinator the Insei (level 8, -2/66 HPs)
             Began as a Demigod Transmuter on Dec 23, 2022.
             Slain by Joseph
             ... wielding a +2 spectral quarterstaff
              (10 damage)
             ... on level 7 of the Dungeon.
             The game lasted 00:20:08 (6660 turns).

Timinator the Insei (Demigod Transmuter)            Turns: 6660, Time: 00:20:09

Health: -2/66      AC: 12    Str: 15    XL:     8   Next: 35%
Magic:  17/17      EV: 16    Int: 15    God:
Gold:   201        SH:  5    Dex: 18    Spells: 6/15 levels left

rFire   + . .      SeeInvis .     - Unarmed
rCold   + . .      Faith    .   (no shield)
rNeg    . . .      Spirit   .   f - +0 ring mail
rPois   +          Reflect  +   (helmet currently unavailable)
rElec   +          Harm     .   n - +0 cloak
rCorr   +          Rampage  .   r - +1 pair of gloves
Will    .....                   (boots currently unavailable)
Stlth   +.........              y - amulet of reflection
HPRegen 0.21/turn               e - +4 ring of evasion
MPRegen 0.15/turn               h - +4 ring of protection

@: mighty, appendages, resistant
A: horns 2, talons 2, high MP 1, forlorn, divine attributes
a: End Transformation


You were on level 7 of the Dungeon.
You had temporarily grown beastly horns and talons.
You visited 1 branch of the dungeon, and saw 7 of its levels.

You collected 343 gold pieces.
You spent 142 gold pieces at shops.

Inventory:

Armour
 f - a +0 ring mail (worn)
 n - a +0 cloak (worn)
 r - a +1 pair of gloves (worn)
Jewellery
 e - a +4 ring of evasion (left hand)
 h - a +4 ring of protection (right hand)
 y - an amulet of reflection (around neck)
Scrolls
 a - a scroll of teleportation
 d - a scroll of silence {unknown}
 i - a scroll of magic mapping {unknown}
 m - 2 scrolls of noise {unknown}
 o - 4 scrolls of identify
 q - a scroll of immolation {unknown}
 s - a scroll of vulnerability {unknown}
 u - 2 scrolls of fear {unknown}
 v - 2 scrolls of poison {unknown}
 B - a scroll of enchant weapon {unknown}
Potions
 b - a potion of degeneration {unknown}
 c - a potion of ambrosia {unknown}
 g - a potion of cancellation {unknown}
 j - a potion of resistance
 k - 4 potions of curing
 l - 3 potions of mutation
 p - 2 potions of heal wounds {unknown}
 t - a potion of brilliance {unknown}
 w - a potion of attraction {unknown}
 x - 2 potions of might
 z - a potion of flight {unknown}
 A - a potion of berserk rage {unknown}


   Skills:
 * Level 3.8 Fighting
 - Level 3.0 Armour
 * Level 4.0 Dodging
 + Level 0.2 Shields
 + Level 5.4 Unarmed Combat
 + Level 4.0 Spellcasting
 * Level 4.6 Transmutations
 * Level 1.2 Ice Magic


You had 6 spell levels left.
You knew the following spells:

 Your Spells              Type           Power      Damage    Failure   Level
a - Beastly Appendage     Tmut           32%        N/A       5%          1
b - Wereblood             Tmut           16%        N/A       8%          2
c - Ice Form              Ice/Tmut       11%        N/A       71%         4
d - Passwall              Tmut/Erth      7%         N/A       21%         2

Your spell library contained the following spells:

 Spells                   Type           Power      Damage    Failure   Level
 Apportation              Tloc           6%         N/A       34%         1
 Necrotise                Necr           12%        1d4       34%         1
 Summon Small Mammal      Summ           12%        N/A       34%         1
 Ensorcelled Hibernation  Hex/Ice        8%         N/A       38%         2
 Spider Form              Tmut/Pois      9%         N/A       38%         3
 Call Canine Familiar     Summ           3%         N/A       71%         3
 Portal Projectile        Hex/Tloc       6%         N/A       71%         3
 Swiftness                Air            3%         N/A       71%         3
 Leda's Liquefaction      Hex/Erth       1%         N/A       98%         4


Dungeon Overview and Level Annotations

Branches:
Dungeon (7/15)             Temple (0/1) D:5

Shops:
D:3 **[

Annotations:
D:7 Joseph


Innate Abilities, Weirdness & Mutations

You have temporarily grown beastly horns and talons.
You have an increased reservoir of magic. (+10% MP)
You shall have no god before yourself.
Your divine heritage dramatically boosts your attributes as you level up.


Message History

Your transformation is almost over.
Your horns disappear.
Your talons disappear.
HP restored.
Casting: Beastly Appendage (safe; 5% risk of failure)
Confirm with . or Enter, or press ? or * to list all spells.
You grow a pair of large bovine horns.
Your feet morph into talons.
You climb downwards.
Level annotation: Joseph
There is a stone staircase leading up, spattered with blood here.
Joseph unwields a +0 sling.
Joseph wields a +2 spectral quarterstaff.
Joseph hits you with a +2 spectral quarterstaff!
There is a stone staircase leading up, spattered with blood here.
You hit Joseph. You claw Joseph, but do no damage. Your headbutt misses Joseph.
Joseph is lightly wounded.
Joseph hits you with a +2 spectral quarterstaff!
You hit Joseph. Your kick misses Joseph. You headbutt Joseph.
Joseph is lightly wounded.
Joseph drinks a potion.
Joseph seems to grow stronger.
You hit Joseph. Your kick misses Joseph.
Joseph is moderately wounded.
Joseph hits you with a +2 spectral quarterstaff!
You completely miss Joseph. You claw Joseph, but do no damage.
You headbutt Joseph. You punch Joseph.
Joseph is moderately wounded.
Joseph barely misses you.
Press: ? - help, v - describe, . - travel
Here: Joseph, wielding a +2 spectral quarterstaff and wearing a +2 ring mail of willpower (moderately wounded, strong)
The floor.
It was a potion of resistance.
You feel protected. Joseph says, "I'm happy to see you.
And I'll be happy to kill you."
Joseph hits you with a +2 spectral quarterstaff.
You feel very mighty all of a sudden.
Joseph hits you with a +2 spectral quarterstaff!
* * * LOW HITPOINT WARNING * * *
You hit Joseph but do no damage.
Joseph is moderately wounded.
Joseph hits you with a +2 spectral quarterstaff!
You die...

####
..#
#.##
#..#
##@#
#.@#
#.##
##.#
#..#
#.##
#..
...#
..##


You could see Joseph (strong).

Vanquished Creatures
  An ice beast (D:6)
  An orc warrior (D:3)
  A sky beast (D:6)
  A black bear (D:5)
  An ogre (D:6)
  A phantom (D:6)
  A kobold brigand (D:6)
  A gnoll sergeant (D:6)
  A necrophage (D:6)
  3 scorpions
  An electric eel (D:6)
  3 hounds
  A jelly (D:6)
  7 orc priests
  3 orc wizards (D:5)
  2 iguanas
  4 gnolls (D:6)
  8 adders
  A worm (D:2)
  A dart slug (D:3)
  18 orcs
  3 ball pythons
  8 endoplasms
  2 giant cockroaches (D:2)
  5 goblins
  6 hobgoblins
  3 jackals (D:1)
  16 kobolds
  A quokka (D:2)
  8 bats
  A frilled lizard (D:1)
  4 rats
118 creatures vanquished.

Vanquished Creatures (others)
  17 plants (D:6)
17 creatures vanquished.

Grand Total: 135 creatures vanquished

Notes
Turn   | Place    | Note
-------+----------+-------------------------------------------
     0 | D:1      | Timinator the Demigod Transmuter began the quest for the
                  | Orb.
     0 | D:1      | Reached XP level 1. HP: 15/15 MP: 5/5
   139 | D:1      | Reached skill level 1 in Fighting
   507 | D:1      | Reached XP level 2. HP: 23/23 MP: 5/7
  1103 | D:2      | Reached skill level 3 in Unarmed Combat
  1325 | D:2      | Reached XP level 3. HP: 28/28 MP: 8/8
  1554 | D:2      | Reached skill level 1 in Armour
  1862 | D:3      | Found Vamipp's Antique Weapon Shop.
  2088 | D:3      | Reached XP level 4. HP: 35/36 MP: 7/9
  2200 | D:3      | Noticed an orc warrior
  2218 | D:3      | Killed an orc warrior
  2219 | D:3      | Reached XP level 5. HP: 31/41 MP: 9/11
  2404 | D:3      | Found Guanwin's Assorted Antiques.
  2455 | D:3      | Found Geanoby's Antique Armour Shop.
  2471 | D:3      | Learned a level 2 spell: Wereblood
  2474 | D:3      | Learned a level 2 spell: Passwall
  2479 | D:3      | Bought a pair of glowing gloves for 142 gold pieces
  2528 | D:3      | Found Xadam's Assorted Antiques.
  3446 | D:5      | Entered Level 5 of the Dungeon
  3452 | D:5      | Reached XP level 6. HP: 49/49 MP: 10/12
  3581 | D:5      | Reached skill level 4 in Unarmed Combat
  3650 | D:5      | Reached XP level 7. HP: 28/56 MP: 12/14
  3806 | D:5      | Found a staircase to the Ecumenical Temple.
  5259 | D:6      | Reached skill level 5 in Unarmed Combat
  5469 | D:6      | Learned a level 4 spell: Ice Form
  5510 | D:6      | Reached XP level 8. HP: 50/63 MP: 16/16
  6229 | D:6      | Reached skill level 1 in Ice Magic
  6535 | D:7      | Noticed Joseph
  6660 | D:7      | Slain by Joseph

Illustrated notes

Levels and vault maps discovered:
D:1:      co_arrival_two_rings, layout_loops_cross,
          shapermc_ecumenical_altar_acropolis
D:2:      layout_basic, kennysheep_generic_room_4
D:3:      layout_loops_ring, serial_shops, nicolae_shop_advertising_works
          [nicolae_subvault_shop_adworks], nicolae_shop_hallway_plus, shop,
          nicolae_shop_overgrown_old_shop
D:4:      layout_basic, kennysheep_ying_yang
D:5:      layout_loops_cross, minmay_temple_entry_junction_2
D:6:      layout_cave_pods, lemuel_coloured_pillars_altar, serial_bayou,
          serial_bayou_pond_c, serial_bayou_crossing, serial_bayou_pond_b,
          serial_bayou_lagoon_a
D:7:      layout_rooms, mainiacjoe_overflow_alcove_1, hangedman_feature_mirror,
          hangedman_abyss_or_decor_stagger, minmay_fractal_squares_diagonal_5,
          uniq_joseph

Skill      XL: |  1  2  3  4  5  6  7  8 |
---------------+-------------------------+-----
Fighting       | 1 2 3 |  3.8
Dodging        | 2 3 4 |  4.0
Transmutations | 2 3 4 |  4.6
Unarmed Combat | 3 4 5 |  5.4
Spellcasting   | 2 3 4 |  4.0
Armour         | 1 2 3 |  3.0
Ice Magic      | 1 |  1.2
Shields        | |  0.2

Action                   |  1- 3 |  4- 6 |  7- 9 || total
-------------------------+-------+-------+-------++-------
Melee: Unarmed           |   127 |   114 |   175 ||   416
       Kick              |    19 |    40 |    45 ||   104
       Headbutt          |     9 |    17 |    33 ||    59
       Punch             |     1 |     3 |     7 ||    11
 Cast: Beastly Appendage |    17 |    18 |    24 ||    59
       Wereblood         |       |     1 |     5 ||     6
  Use: Potion            |       |     1 |     2 ||     3
       Scroll            |       |       |     3 ||     3
Armor: Ring mail         |    21 |    40 |    44 ||   105
       Skin              |       |     5 |       ||     5
Dodge: Dodged            |    91 |    76 |   100 ||   267
Block: Other             |       |       |     7 ||     7
